 Dungeon Crawl Stone Soup version 0.17-a0-288-gaf424a4 (webtiles) character file.

105334 Fluffy the End of an Era (level 16, -15/106 HPs)
             Began as a Gargoyle Fighter on Mar 30, 2015.
             Was the Champion of Qazlal.
             Demolished by an ettin
             ... wielding a +0 dire flail
              (16 damage)
             ... on level 14 of the Dungeon.
             The game lasted 01:52:18 (30659 turns).

Fluffy the End of an Era (Gargoyle Fighter)        Turns: 30659, Time: 01:52:18

Health: -15/106    AC: 38    Str: 25    XL:     16   Next: 41%
Magic:  23/23      EV:  8    Int: 10    God:    Qazlal [******]
Gold:   2552       SH:  8    Dex: 13    Spells: 0 memorised, 15 levels left

rFire  . . .     SeeInvis +     o - +14 plutonium sword {Contam Stlth-}
rCold  + . .     Clarity  .     w - +2 plate armour {rC+}
rNeg   + . .     SustAb   .     (no shield)
rPois  ∞         Gourm    .     v - +0 helmet
rElec  +         Spirit   .     q - +1 cloak {MR+}
rCorr  .         Warding  .     O - +0 pair of gloves {Str+3}
rMut   .         Stasis   .     (no boots)
MR     +++..                    y - amulet of faith
Stlth  ..........               F - ring of see invisible
                                A - ring of protection from magic

@: protected from physical damage, flying, repel missiles, extremely resistant
to hostile enchantments, extremely unstealthy
A: able to fly continuously, big wings, negative energy resistance 1,
electricity resistance, unbreathing, petrification resistance, rot immunity, AC
+11
a: Stop Flying, Upheaval, Elemental Force, Disaster Area, Renounce Religion


You were on level 14 of the Dungeon.
You worshipped Qazlal.
Qazlal was exalted by your worship.
You were not hungry.

You visited 4 branches of the dungeon, and saw 28 of its levels.
You also visited: Labyrinth and Sewer.

You collected 2669 gold pieces.
You spent 117 gold pieces at shops.

Inventory:

Hand weapons
 o - the +14 plutonium sword (weapon) {Contam Stlth-}
   (You found it in a sewer)

   It causes magical contamination when unequipped.
   It makes you less stealthy.
Armour
 q - a +1 cloak of magic resistance (worn)
 v - a +0 helmet (worn)
 w - a +2 plate armour of cold resistance (worn)
 O - a +0 pair of gloves of strength (worn)
Jewellery
 i - an uncursed amulet of resist mutation
 s - an uncursed ring of teleport control
 y - an amulet of faith (around neck)
 A - a ring of protection from magic (left hand)
 F - a ring of see invisible (right hand)
 L - an uncursed ring of teleportation
 Q - an uncursed amulet of resist corrosion
 W - an uncursed ring of protection from fire
Magical devices
 j - a wand of disintegration (4)
 k - a wand of teleportation (4)
 C - a wand of disintegration (9)
 R - a wand of polymorph (18)
 S - a wand of fire (6)
 V - a wand of digging (6)
 X - a wand of digging (20)
 Z - a wand of teleportation (4)
Scrolls
 a - 5 scrolls of teleportation
 e - 2 scrolls of blinking
 l - 9 scrolls of remove curse
 r - 6 scrolls of identify
 x - 3 scrolls of enchant weapon
 B - 2 scrolls of magic mapping
 D - 3 scrolls of enchant armour
 E - a scroll of fear
 I - a scroll of brand weapon
 K - a scroll of fog
Potions
 b - 2 potions of brilliance
 c - 2 potions of resistance
 f - a potion of invisibility
 h - 6 potions of curing
 p - 6 potions of restore abilities
 t - 2 potions of haste
 z - a potion of agility
 G - a potion of ambrosia
 H - a potion of magic
 J - a potion of cancellation
Books
 T - a book of Air

   Spells                             Type                      Level
   a - Shock                          Conjuration/Air              1
   b - Swiftness                      Charms/Air                   2
   c - Repel Missiles                 Charms/Air                   2
   d - Flight                         Charms/Air                   3
   e - Static Discharge               Conjuration/Air              3
   f - Lightning Bolt                 Conjuration/Air              5
 U - a Young Poisoner's Handbook

   Spells                             Type                      Level
   a - Sting                          Conjuration/Poison           1
   b - Cure Poison                    Poison                       2
   c - Mephitic Cloud                 Conjuration/Poison/Air       3
   d - Olgreb's Toxic Radiance        Poison                       4
   e - Venom Bolt                     Conjuration/Poison           5
Miscellaneous
 M - a fan of gales
Comestibles
 d - 15 bread rations
 g - 4 slices of pizza
 m - 10 beef jerkies
 n - 15 meat rations
 N - a royal jelly
 P - 3 fruits


   Skills:
 + Level 14.0 Fighting
 + Level 14.6 Long Blades
   Level 3.5 Maces & Flails
 + Level 14.0 Armour
   Level 4.4 Shields
 + Level 15.9 Invocations


You had 15 spell levels left.
You didn't know any spells.

Dungeon Overview and Level Annotations

Branches:
Dungeon (15/15)            Temple (1/1) D:5            Lair (8/8) D:9
  Swamp (0/5) Lair:3       Spider (0/5) Lair:6        Slime (0/6) Lair:7
    Orc (4/4) D:12            Elf (0/3) Orc:4        Vaults (0/5) D:14
 Depths: D:15

Altars:
Ashenzari
Cheibriados
Dithmenos
Elyvilon
Fedhas
Gozag
Kikubaaqudgha
Makhleb
Nemelex Xobeh
Okawaru
Qazlal
Ru
Sif Muna
Trog
Vehumet
Xom
Yredelemnul
Zin
The Shining One
Jiyva

Shops:
D:6 *   D:14 %   D:15 **   Orc:4 [*:(


Innate Abilities, Weirdness & Mutations

You are resistant to torment.
You are immune to poison.
You can fly continuously.
Your stone body is very resilient (AC +11).
Your wings are large and strong.
You resist negative energy.
You are resistant to electric shocks.
You can survive without breathing.
You are immune to petrification.
You are immune to rotting.


Message History

You slash the ettin!
The ettin is heavily wounded.
The ettin closely misses you. The ettin hits you with a dire flail!
* * * LOW HITPOINT WARNING * * *
You feel more protected from physical attacks.
Drink which item? (? for menu, Esc to quit)
You feel much better.
The ettin is engulfed in freezing vapours.
The ettin hits you with a dire flail!!
* * * LOW HITPOINT WARNING * * *
The ettin hits you but does no damage.
You barely miss the ettin.
The ettin is severely wounded.
You hear an angry hiss.
The ettin is engulfed in freezing vapours.
The ettin hits you with a dire flail!
* * * LOW HITPOINT WARNING * * *
You feel more protected from physical attacks.
The ettin hits you with a dire flail!
You die...

#.....#####........#....
#.....#####......#.'....
#.....#...#......#.#....
#.###.#...#......#.#....
#..§..'...#......#.#....
#.....#...#........#....
#.....#.§.#........#....
#.##§.#.§.#........#####
#.##..#@C§#§............
#.##..#..§'.............
#.....#.§.#.......###...
#.....#...#.......###÷..
#.....#...#.........)÷..
#!....#...#############'
#.....#..........##...§.
#.....#..........##..§..
#.....#..........##.....


You could see an ettin.

Vanquished Creatures
  A storm dragon (Lair:2)
  An azure jelly (Lair:6)
  Maud (Orc:3)
  An orc warlord (Orc:3)
  A war gargoyle (D:12)
  The ghost of xeno23 the Arsonist, a powerful DrCj of Vehumet (Lair:7)
  A vampire knight (D:13)
  Nessos (Lair:6)
  2 fire dragons (Lair:8)
  A minotaur (Lab)
  Josephine (Lair:4)
  A rakshasa (D:14)
  A yaktaur captain (D:14)
  2 ogre magi
  4 hydras
  2 centaur warriors
  14 death yaks
  A vampire mage (D:13)
  2 orc high priests (Orc:4)
  A deep elf knight (D:15)
  A fire crab (Lair:5)
  Sonja (Lair:4)
  A sea snake (D:9)
  An unseen horror (D:14)
  A swamp dragon (D:13)
  3 orc knights
  Pikel (D:6)
  A shambling mangrove (D:9)
  4 hill giants
  2 hornets (D:9)
  An anubis guard (Lair:1)
  3 griffons
  A manticore (D:11)
  2 cyclopes (D:14)
  A guardian serpent (Lair:6)
  An oklob plant (Lair:5)
  6 ugly things
  4 orc sorcerers
  13 gargoyles
  4 elephants (Lair:8)
  3 black mambas
  A torpor snail (Orc:3)
  An eye of devastation (D:14)
  9 spiny frogs
  10 komodo dragons
  5 fire drakes
  2 yaktaurs (D:14)
  A freezing wraith (D:14)
  3 tengu conjurers (D:13)
  4 wandering mushrooms (Lab)
  A kobold demonologist (D:14)
  5 trolls
  The ghost of inmateoo the Sneak, an experienced SpEn (D:5)
  7 slime creatures
  7 ravens (D:13)
  2 polar bears
  9 two-headed ogres
  A hornet zombie (D:13)
  14 blink frogs
  2 shadows
  5 wraiths
  2 deep elf magi
  2 water elementals
  A tarantella (D:13)
  22 flying skulls (D:13)
  30 yaks
  7 basilisks
  A fire bat (Lair:8)
  4 wyverns
  7 vampires (D:13)
  4 hippogriffs
  8 hungry ghosts
  18 wolves
  9 porcupines
  2 wargs (Orc:4)
  A mottled dragon (Lair:8)
  17 water moccasins
  2 phantoms
  36 orc warriors
  5 swamp drakes
  3 ice beasts
  An eye of draining (shapeshifter) (D:13)
  A dwarf (Lair:2)
  7 centaurs
  6 black bears
  2 wasps
  20 ogres
  2 sky beasts
  A slave (D:6)
  4 boring beetles
  2 orc skeletons (Orc:3)
  15 crocodiles
  5 big kobolds
  25 giant frogs
  2 wyvern zombies
  6 scorpions
  12 killer bees
  3 electric eels
  7 crimson imps
  12 jellies
  2 centaur zombies
  A goliath beetle (D:6)
  20 orc priests
  3 centaur skeletons
  12 hounds
  34 orc wizards
  Crazy Yiuf (D:6)
  10 human zombies (D:13)
  13 iguanas
  3 giant frog skeletons
  2 polar bear simulacra (Lair:3)
  3 yak simulacra (Lair:3)
  A killer bee zombie (D:6)
  8 sheep
  10 worker ants
  4 wolf simulacra (Lair:3)
  An ogre zombie (Orc:3)
  A mummy (D:11)
  A worker ant zombie (D:5)
  19 adders
  6 gnolls
  50 river rats
  2 shadow imps
  9 giant mites
  3 worms
  An adder zombie (D:6)
  3 adder skeletons
  12 giant geckos
  14 oozes
  188 orcs
  13 bats
  8 giant cockroaches
  17 hobgoblins
  12 jackals
  13 quokkas
  10 ball pythons
  9 giant newts
  3 giant spores
  21 goblins
  A jackal skeleton (D:6)
  48 kobolds
  6 orc zombies
  A quokka skeleton (D:4)
  18 rats
  2 river rat simulacra (Lair:3)
  A spectral orc (D:4)
  7 ballistomycetes (D:11)
  103 fungi
  49 plants
1278 creatures vanquished.

Vanquished Creatures (collateral kills)
  A blink frog (Lair:6)
1 creature vanquished.

Vanquished Creatures (others)
  An unseen horror (D:15)
  A necromancer (Lair:3)
  An orc warrior (D:11)
  A slave (D:7)
  A big kobold (D:7)
  A sheep (D:14)
  7 giant mites
  5 orcs
  A hobgoblin (Orc:4)
  2 kobolds (D:7)
  An orc zombie (Orc:4)
  A ballistomycete (D:13)
  8 fungi
  8 plants
39 creatures vanquished.

Grand Total: 1318 creatures vanquished

Notes
Turn   | Place    | Note
--------------------------------------------------------------
     0 | D:1      | Fluffy, the Gargoyle Fighter, began the quest for the Orb.
     0 | D:1      | Reached XP level 1. HP: 14/14 MP: 0/0
   179 | D:1      | Reached XP level 2. HP: 17/19 MP: 1/1
   457 | D:1      | Reached XP level 3. HP: 23/23 MP: 2/2
   791 | D:2      | Found a shadowy altar of Dithmenos.
   946 | D:2      | Found a shattered altar of Ashenzari.
  1011 | D:2      | Reached XP level 4. HP: 21/29 MP: 3/3
  1034 | D:2      | Reached skill level 4 in Armour
  1473 | D:3      | Found a glowing drain.
  1494 | Sewer    | Entered a sewer
  1578 | Sewer    | Reached XP level 5. HP: 25/33 MP: 4/4
  1910 | Sewer    | Noticed a giant frog
  1912 | Sewer    | Noticed a giant frog
  1924 | Sewer    | Killed a giant frog
  1938 | Sewer    | Killed a giant frog
  1938 | Sewer    | Reached XP level 6. HP: 11/39 MP: 5/5
  2546 | D:3      | Found an iron altar of Okawaru.
  2664 | D:3      | Reached skill level 1 in Long Blades
  3040 | D:4      | Reached XP level 7. HP: 10/44 MP: 6/6
  3645 | D:4      | Found a basalt altar of Yredelemnul.
  3721 | D:5      | Entered Level 5 of the Dungeon
  3749 | D:5      | Found a glowing silver altar of Zin.
  3765 | D:5      | Found a burning altar of Makhleb.
  3767 | D:5      | Noticed inmateoo's ghost (experienced SpEn)
  3780 | D:5      | Killed inmateoo's ghost
  3780 | D:5      | Reached skill level 5 in Long Blades
  3780 | D:5      | Reached XP level 8. HP: 29/48 MP: 7/7
  3911 | D:5      | Found a staircase to the Ecumenical Temple.
  3921 | Temple   | Entered the Ecumenical Temple
  4004 | Temple   | Became a worshipper of Qazlal Stormbringer
  4027 | D:5      | Found a shimmering altar of Xom.
  4051 | D:5      | Found a blossoming altar of Fedhas.
  4062 | D:5      | Reached skill level 1 in Invocations
  4332 | D:5      | Found a white marble altar of Elyvilon.
  4384 | D:5      | Reached skill level 6 in Long Blades
  4405 | D:5      | Found a snail-covered altar of Cheibriados.
  4623 | D:6      | Noticed Pikel
  4634 | D:6      | Killed Pikel
  4634 | D:6      | Reached skill level 7 in Long Blades
  4905 | D:6      | Reached XP level 9. HP: 32/52 MP: 10/10
  5045 | D:6      | Found Dfusedgh's Desiderata Depot.
  5051 | D:6      | Reached skill level 5 in Invocations
  5203 | D:6      | Found a sparkling altar of Nemelex Xobeh.
  5388 | D:6      | Noticed Crazy Yiuf
  5391 | D:6      | Killed Crazy Yiuf
  5412 | D:6      | Acquired Qazlal's first power
  5684 | D:7      | Found an opulent altar of Gozag.
  5992 | D:7      | Reached skill level 8 in Long Blades
  6230 | D:8      | Acquired Qazlal's second power
  6316 | D:8      | Found a burning altar of Makhleb.
  6799 | D:8      | Reached skill level 9 in Long Blades
  6858 | D:8      | Reached XP level 10. HP: 58/58 MP: 13/13
  7377 | D:9      | Acquired Qazlal's third power
  7419 | D:9      | Found a staircase to the Lair.
  7426 | D:9      | Noticed a shambling mangrove
  7426 | D:9      | a wandering mushroom changed into a shambling mangrove
  7427 | D:9      | Noticed a hornet
  7427 | D:9      | Noticed a hornet
  7452 | D:9      | Killed a hornet
  7456 | D:9      | Killed a shambling mangrove
  7464 | D:9      | Killed a hornet
  7464 | D:9      | Reached skill level 10 in Long Blades
  7831 | D:9      | Found a radiant altar of Vehumet.
  8019 | D:9      | Found a white marble altar of Elyvilon.
  8044 | D:9      | Reached skill level 10 in Invocations
  8415 | D:9      | Reached skill level 5 in Armour
  8423 | D:9      | Reached skill level 5 in Fighting
  8423 | D:9      | Reached XP level 11. HP: 55/63 MP: 15/15
  8505 | D:9      | Found a glowing golden altar of the Shining One.
  8537 | Lair:1   | Entered Level 1 of the Lair of Beasts
  8738 | Lair:1   | Noticed Nergalle
  8742 | Lair:1   | Noticed Nergalle
  8742 | Lair:1   | Nergalle changed into Nergalle the anubis guard
  8745 | Lair:1   | Killed Nergalle the anubis guard
  9628 | Lair:2   | Acquired Qazlal's fourth power
  9628 | Lair:2   | Reached skill level 11 in Invocations
 10975 | Lair:2   | Acquired Qazlal's fifth power
 11557 | Lair:3   | Found a staircase to the Swamp.
 11757 | Lair:3   | Noticed a necromancer
 11765 | Lair:3   | Killed a necromancer
 11794 | Lair:3   | Reached XP level 12. HP: 52/72 MP: 16/16
 12260 | Lair:4   | Noticed a death yak
 12260 | Lair:4   | Noticed a death yak
 12260 | Lair:4   | Noticed a death yak
 12260 | Lair:4   | Noticed a death yak
 12260 | Lair:4   | Noticed a death yak
 12260 | Lair:4   | Noticed a death yak
 12277 | Lair:2   | Noticed a storm dragon
 12277 | Lair:2   | a death yak changed into a storm dragon
 12301 | Lair:2   | Killed a storm dragon
 12597 | Lair:3   | Killed a death yak
 12701 | Lair:4   | Noticed Sonja
 12752 | Lair:4   | Noticed Harold
 12759 | Lair:4   | Noticed Harold
 12759 | Lair:4   | Harold changed into Harold the boring beetle
 12761 | Lair:4   | Killed Harold the boring beetle
 12868 | Lair:4   | Killed a death yak
 12877 | Lair:4   | Killed a death yak
 12878 | Lair:4   | Killed Sonja
 12878 | Lair:4   | Reached skill level 12 in Invocations
 12892 | Lair:4   | Killed a death yak
 12921 | Lair:4   | Killed a death yak
 13213 | Lair:4   | Noticed Josephine
 13222 | Lair:4   | Killed Josephine
 13781 | Lair:5   | Reached XP level 13. HP: 64/80 MP: 18/18
 14852 | Lair:6   | Reached skill level 10 in Armour
 14968 | Lair:6   | Noticed Nessos
 14978 | Lair:6   | Killed Nessos
 14996 | Lair:6   | Reached skill level 10 in Fighting
 15131 | Lair:6   | Reached skill level 13 in Invocations
 15301 | Lair:6   | Found a hole to the Spider Nest.
 16016 | Lair:7   | Found a viscous altar of Jiyva.
 16034 | Lair:7   | Found a staircase to the Slime Pits.
 16351 | Lair:7   | Noticed xeno23's ghost (powerful DrCj)
 16357 | Lair:7   | Killed xeno23's ghost
 16466 | Lair:7   | Gained mutation: Your wings are large and strong. [gargoyle growth]
 16466 | Lair:7   | Reached XP level 14. HP: 74/88 MP: 18/19
 16555 | Lair:6   | Noticed an azure jelly
 16555 | Lair:6   | a death yak changed into an azure jelly
 16559 | Lair:6   | Killed an azure jelly
 17219 | Lair:8   | Entered Level 8 of the Lair of Beasts
 18039 | Lair:8   | Identified the Reference Book on Floating Aid
 18173 | Lair:8   | Reached skill level 14 in Invocations
 19198 | Lair:8   | Noticed Snorg
 19203 | Lair:8   | Noticed Snorg
 19203 | Lair:8   | Snorg changed into Snorg the hippogriff
 19204 | Lair:8   | Killed Snorg the hippogriff
 20135 | D:10     | Entered Level 10 of the Dungeon
 22989 | D:12     | Found a snail-covered altar of Cheibriados.
 23056 | D:12     | Reached XP level 15. HP: 97/97 MP: 21/21
 23450 | D:12     | Noticed a war gargoyle
 23456 | D:12     | Killed a war gargoyle
 23602 | D:12     | Found a staircase to the Orcish Mines.
 23815 | Orc:1    | Entered Level 1 of the Orcish Mines
 24278 | Orc:1    | Found a glowing silver altar of Zin.
 24368 | Orc:1    | Found a shimmering altar of Xom.
 25304 | Orc:4    | Entered Level 4 of the Orcish Mines
 26173 | Orc:4    | Noticed Maud
 26230 | Orc:3    | Killed Maud
 26551 | Orc:4    | Reached skill level 15 in Invocations
 26896 | Orc:4    | Found Qenotty's Antique Weapon Emporium.
 26931 | Orc:4    | Found a staircase to the Elven Halls.
 26981 | Orc:4    | Found Situm's Book Shop.
 27235 | Orc:4    | Found Qitamon's Antique Armour Emporium.
 27255 | Orc:4    | Found Ecwaacs' General Store.
 27366 | Orc:4    | Bought a pair of glowing gloves for 117 gold pieces
 27793 | D:13     | Found a labyrinth entrance.
 27800 | Lab      | Entered a labyrinth
 28811 | D:13     | Reached XP level 16. HP: 71/104 MP: 22/22
 28948 | D:13     | Found a basalt altar of Yredelemnul.
 29365 | D:14     | Found Tiamoad's Food Shoppe.
 29603 | D:14     | Found a gate to the Vaults.
 30505 | D:15     | Entered Level 15 of the Dungeon
 30505 | D:15     | Found Kuilaval's Assorted Antiques.
 30521 | D:15     | Found Xiropud's Assorted Antiques.
 30655 | D:14     | HP: 4/106 [ettin/dire flail (27)]
 30659 | D:14     | HP: 1/106 [ettin/dire flail (17)]
 30659 | D:14     | Demolished by an ettin

Action                   |  1- 3 |  4- 6 |  7- 9 | 10-12 | 13-15 | 16-18 || total
-------------------------+-------+-------+-------+-------+-------+-------++-------
Melee: Flail             |   174 |   180 |       |       |       |       ||   354
       Triple sword      |       |    71 |   221 |   440 |  1219 |   233 ||  2184
Invok: Upheaval          |       |       |       |     4 |    15 |       ||    19
       Disaster Area     |       |       |       |       |     3 |       ||     3
 Abil: Fly               |       |       |       |       |     1 |       ||     1
Evoke: Wand              |       |       |       |       |     8 |       ||     8
  Use: Scroll            |       |    10 |     9 |     3 |    18 |       ||    40
       Potion            |       |       |       |     6 |     1 |     2 ||     9
 Stab: Invisible         |       |       |       |     2 |       |       ||     2
       Confused          |       |       |       |       |     2 |       ||     2
  Eat: Chunk             |     1 |     7 |    13 |    22 |    48 |     7 ||    98
       Royal jelly       |       |       |       |       |     1 |       ||     1
